 Dungeon Crawl Stone Soup version 0.22-a0-369-gc73351f (webtiles) character file.

448 corax the Insei (level 7, -2/48 HPs)
             Began as an Octopode Monk on Apr 24, 2018.
             Slain by a sky beast (4 damage)
             ... on level 7 of the Dungeon.
             The game lasted 00:07:40 (3533 turns).

corax the Insei (Octopode Monk)                     Turns: 3533, Time: 00:07:40

Health: -2/48      AC:  1    Str: 12    XL:     7   Next: 3%
Magic:  7/7        EV: 15    Int: 12    God:
Gold:   310        SH:  0    Dex: 15    Spells: 6/6 levels left

rFire    . . .     SeeInvis .     - Unarmed
rCold    . . .     Gourm    .   (no shield)
rNeg     . . .     Faith    .   (helmet restricted)
rPois    .         Spirit   .   (no amulet)
rElec    .         Reflect  .   m - ring of resist corrosion
rCorr    +         Harm     .   (no ring)
MR       .....                  (no ring)
Stlth    ++++......             (no ring)
HPRegen  0.16/turn              (no ring)
MPRegen  0.10/turn              (no ring)
                                (no ring)
                                (no ring)

@: marked
A: almost no armour, stealthy swim, amphibious, 8 rings, constrict 8, camouflage
1, gelatinous body 1
a: no special abilities


You were on level 7 of the Dungeon.
You were not hungry.

You visited 1 branch of the dungeon, and saw 7 of its levels.

You collected 310 gold pieces.

Inventory:

Missiles
 l - 9 tomahawks (quivered)
Jewellery
 m - a ring of resist corrosion (left tentacle)
Wands
 p - a wand of scattershot (4)
 t - a wand of flame (27)
 v - a wand of acid (4)
Scrolls
 b - 3 scrolls of remove curse {unknown}
 d - 2 scrolls of blinking {unknown}
 f - a scroll of noise {unknown}
 g - 2 scrolls of immolation {unknown}
 h - 3 scrolls of magic mapping {unknown}
 j - 2 scrolls of identify {unknown}
 n - a scroll of fear {unknown}
 o - a scroll of teleportation {unknown}
 q - a scroll of amnesia {unknown}
 s - a scroll of enchant armour {unknown}
 u - a scroll of fog {unknown}
Potions
 c - 2 potions of might {unknown}
 e - 2 potions of curing {unknown}
 i - a potion of flight {unknown}
 k - a potion of degeneration {unknown}
 r - a potion of heal wounds {unknown}
Comestibles
 a - 5 rations


   Skills:
 + Level 4.1 Fighting
 + Level 1.8 Throwing
 + Level 4.2 Dodging
 + Level 4.9 Stealth
 * Level 5.2 Unarmed Combat


You had 6 spell levels left.
You didn't know any spells.

Dungeon Overview and Level Annotations

Branches:
Dungeon (7/15)
 Temple: D:4-7

Altars:
Kikubaaqudgha
Okawaru
Sif Muna
Uskayaw
Yredelemnul

Annotations:
D:5 Eustachio
D:6 Sigmund
D:7 Feta's ghost, novice DEFE


Innate Abilities, Weirdness & Mutations

You cannot wear most types of armour.
You are very stealthy in the water. (Stealth+)
You are amphibious.
You can wear up to eight rings at the same time.
You can use your tentacles to constrict eight enemies at once.
Your skin changes colour to match your surroundings (Stealth+).
Your rubbery body absorbs attacks. (AC +1, EV +1)


Message History

The sky beast flickers out of sight!
Deactivating autopickup; reactivate with Ctrl-A.
Something hits you. Something shocks you.
The orc throws a tomahawk.
The tomahawk hits you.
* * * LOW HITPOINT WARNING * * *
You tentacle-slap something. Your squeeze misses something.
A sky beast appears from thin air!
Reactivating autopickup.
The sky beast hits you.
* * * LOW HITPOINT WARNING * * *
The sky beast shocks you.
* * * LOW HITPOINT WARNING * * *
You tentacle-slap the sky beast but do no damage.
The sky beast is moderately wounded.
The sky beast closely misses you.
An orc priest and a player ghost come into view.
You closely miss the sky beast. Your squeeze misses the sky beast.
The sky beast is moderately wounded.
The sky beast hits you.
You die...

#.##o# #.##.#
##.##.# #...#.#
#...#.# #...#.#
####...#.# .
#.....<#@# ...
#....###Y##.....
#..(.(.ooZ...$..
#......##.W.......
#......##.....###.
#....#.##.....#
#....#####.####
#.... #.. #....
.###


You could see a sky beast, an orc priest, Feta's ghost, 2 orcs and a hound
skeleton.

Vanquished Creatures
  An ogre (D:5)
  A bullfrog (D:6)
  A hound (D:6)
  A jelly (D:5)
  An iguana (D:4)
  Ijyb (D:5)
  An orc wizard (D:4)
  A worker ant (D:6)
  4 adders (D:3)
  A shadow imp (D:5)
  An ooze (D:1)
  An adder skeleton (D:4)
  A worm (D:2)
  2 dart slugs
  2 leopard geckos
  13 orcs
  2 ball pythons
  7 bats
  7 giant cockroaches
  4 goblins
  4 hobgoblins
  4 jackals
  3 quokkas
  3 frilled lizards
  8 kobolds
  A leopard gecko skeleton (D:4)
  4 rats
  A spectral orc (D:3)
81 creatures vanquished.

Notes
Turn   | Place    | Note
-------+----------+-------------------------------------------
     0 | D:1      | corax the Octopode Monk began the quest for the Orb.
     0 | D:1      | Reached XP level 1. HP: 16/16 MP: 1/1
   138 | D:1      | Reached XP level 2. HP: 14/21 MP: 2/2
   557 | D:2      | Reached XP level 3. HP: 23/26 MP: 3/3
  1333 | D:3      | Reached XP level 4. HP: 31/31 MP: 4/4
  1522 | D:3      | Reached skill level 4 in Unarmed Combat
  1863 | D:3      | Reached XP level 5. HP: 26/36 MP: 5/5
  2044 | D:3      | Found a basalt altar of Yredelemnul.
  2303 | D:5      | Entered Level 5 of the Dungeon
  2577 | D:4      | Found an iron altar of Okawaru.
  2577 | D:4      | Found an ancient bone altar of Kikubaaqudgha.
  2582 | D:4      | Found a hide-covered altar of Uskayaw.
  2584 | D:4      | Found a faded altar of an unknown god.
  2586 | D:4      | Found a faded altar of an unknown god.
  2622 | D:4      | Found a deep blue altar of Sif Muna.
  3116 | D:5      | Noticed an ogre
  3128 | D:5      | Killed an ogre
  3128 | D:5      | Reached skill level 1 in Throwing
  3128 | D:5      | Reached XP level 6. HP: 43/43 MP: 6/6
  3151 | D:5      | Noticed Ijyb
  3164 | D:5      | Killed Ijyb
  3246 | D:5      | Noticed Eustachio
  3415 | D:6      | Reached skill level 5 in Unarmed Combat
  3485 | D:6      | Reached XP level 7. HP: 27/48 MP: 7/7
  3496 | D:6      | Noticed Sigmund
  3531 | D:7      | HP: 2/48 [sky beast (5)]
  3533 | D:7      | Noticed Feta's ghost (novice DEFE)
  3533 | D:7      | Slain by a sky beast

Vault maps used:
D:1:      evilmike_arrival_plus, skrybe_limestone_x
D:3:      yredelemnul_forgotten_temple_becter
D:4:      kennysheep_little_box, chequers_temple_overflow_minitemple,
          hangedman_decor_growths
D:5:      serial_shops, nicolae_shop_trees, nicolae_shop_window_shopping, shop,
          first_ration, uniq_eustachio, uniq_ijyb
D:6:      uniq_menkaure, uniq_sigmund
D:7:      minmay_temple_entry_grid, serial_shops, shop,
          nicolae_shop_behind_doors, nicolae_shop_overgrown_old_shop,
          nicolae_shop_waterfront

Skill      XL: |  1  2  3  4  5  6 |
---------------+-------------------+-----
Stealth        | 3 4 |  4.9
Unarmed Combat | 4 5 |  5.2
Throwing       | 1 |  1.8
Dodging        | 4 |  4.2
Fighting       | 4 |  4.1

Action                   |  1- 3 |  4- 6 |  7- 9 || total
-------------------------+-------+-------+-------++-------
Melee: Unarmed           |    87 |   117 |    13 ||   217
       Constrict         |    19 |    28 |     1 ||    48
       Tentacles         |    11 |    24 |     1 ||    36
       Punch             |     3 |     4 |       ||     7
Throw: Tomahawk          |       |    11 |       ||    11
 Stab: Sleeping          |    12 |    13 |       ||    25
       Distracted        |     1 |       |       ||     1
  Eat: Chunk             |     1 |     5 |       ||     6
       Ration            |       |     1 |       ||     1
Armor: Skin              |     7 |       |     1 ||     8
Dodge: Dodged            |    67 |    52 |    10 ||   129

Table legend:
 A = Spawn XP
 B = Non-spawn XP
 C = Spawn XP percentage of total XP
 D = Spawn monster count
 E = Non-spawn monster count
 F = Spawn count percentage of total count
 G = Total turns spent on level
                    A         B        C        D         E        F      G
               +---------+---------+-------+---------+---------+-------+---------
         Total |       0 |     640 |   0.0 |       0 |      81 |   0.0 |  3533
               +---------+---------+-------+---------+---------+-------+---------
           D:1 |       0 |      30 |   0.0 |       0 |      15 |   0.0 |   549
           D:2 |       0 |      42 |   0.0 |       0 |      22 |   0.0 |   740
           D:3 |       0 |     100 |   0.0 |       0 |      24 |   0.0 |   872
           D:4 |       0 |      98 |   0.0 |       0 |      11 |   0.0 |   694
           D:5 |       0 |     201 |   0.0 |       0 |       5 |   0.0 |   413
           D:6 |       0 |     166 |   0.0 |       0 |       3 |   0.0 |   244
           D:7 |       0 |       3 |   0.0 |       0 |       1 |   0.0 |    21
               +---------+---------+-------+---------+---------+-------+---------
